 Dungeon Crawl Stone Soup version 0.19-a0-1170-g18f0c96 (webtiles) character file.

32 jacquesderrida the Cudgeler (level 3, 19/30 HPs)
             Began as a Minotaur Warper on Aug 18, 2016.
             Quit the game on level 3 of the Dungeon.
             The game lasted 00:01:43 (539 turns).

jacquesderrida the Cudgeler (Minotaur Warper)        Turns: 539, Time: 00:01:44

Health: 19/30      AC:  3    Str: 20    XL:     3   Next: 8%
Magic:  4/4        EV: 12    Int: 12    God:
Gold:   107        SH:  0    Dex:  8    Spells: 1 memorised, 3 levels left

rFire  . . .     SeeInvis .     a - +0 mace
rCold  . . .     Gourm    .     b - +0 leather armour
rNeg   . . .     Faith    .     (no shield)
rPois  .         Spirit   .     (helmet restricted)
rElec  .         Dismiss  .     (no cloak)
rCorr  .         Reflect  .     (no gloves)
MR     .....     Harm     .     (no boots)
Stlth  +......... Rnd*Rage +    (no amulet)
                                (no ring)
                                h - +5 ring of strength

@: no status effects
A: retaliatory headbutt, horns 2, berserk 1, clever 1, clumsy 1
a: no special abilities


You were on level 3 of the Dungeon.
You were not hungry.

You visited 1 branch of the dungeon, and saw 3 of its levels.

You collected 107 gold pieces.

Inventory:

Hand Weapons
 a - a +0 mace (weapon)
Missiles
 e - 5 tomahawks of dispersal (quivered)
 n - 2 tomahawks
Armour
 b - a +0 leather armour (worn)
Jewellery
 h - a +5 ring of strength (left hand)
Scrolls
 d - a scroll of blinking
 g - a scroll of enchant weapon {unknown}
 k - a scroll of identify {unknown}
 m - 2 scrolls of remove curse {unknown}
Potions
 l - a potion of mutation
 o - a potion of cancellation {unknown}
 p - a potion of flight {unknown}
Books
 c - a book of Spatial Translocations

   Spells                             Type                      Level
   a - Apportation                    Translocation                1
   b - Blink                          Translocation                2
   c - Shroud of Golubria             Charms/Translocation         2
   d - Portal Projectile              Translocation                3
   e - Teleport Other                 Translocation                3
   f - Passage of Golubria            Translocation                4
Comestibles
 f - 2 bread rations
 i - 4 fruits
 j - a meat ration


   Skills:
 - Level 2.4 Fighting
 + Level 4.3 Maces & Flails
 - Level 1.0 Throwing
 - Level 1.2 Armour
 - Level 2.1 Dodging
 - Level 1.3 Spellcasting
 - Level 2.1 Translocations


You had 3 spell levels left.
You knew the following spells:

 Your Spells              Type           Power        Failure   Level  Hunger
a - Apportation           Tloc           #.........   14%         1    ##.....


Dungeon Overview and Level Annotations

Branches:
Dungeon (3/15)

Altars:
Ashenzari


Innate Abilities, Weirdness & Mutations

You reflexively headbutt those who attack you in melee.
You have a pair of horns on your head.
You tend to lose your temper in combat.
Your mind is acute. (Int +2)
You are clumsy. (Dex -2)


Message History

The hobgoblin is heavily wounded.
The hobgoblin hits you with a club.
You sock the hobgoblin!
You kill the hobgoblin!
No target in view!
No target in view!
No target in view!
No target in view!
You see here a club.
Found a shattered altar of Ashenzari.
An orc priest comes into view. It is wielding a short sword.
The orc priest moves out of view.
Found a scroll labeled URIAME SOPTYRR.
An orc comes into view. It is wielding a flail.
The orc shouts! 2 orcs come into view.
It was a potion of mutation.
You feel extremely strange.
You feel clever.
You feel a little pissed off.
You feel clumsy.
Sorry, you're not good enough to have a special ability.
Are you sure you want to abandon this character and quit the game? (Confirm with "yes".)

###...###.....#.#.#
..#._.#.......#.#.#
###...###.....#.#.# .. .
#.#####.###.).#.#.##.#..#
. #.#....###.#.#.##.#..#
##.##.......#.#........
#...#.........#.##.#...
##...##......#.#.##.#...
#...?.#@................
o#.....#o.......#........
o.o.......#...######.#..#
.....................>..#
#...######.#.#...#..#..###
#. #...# #.#.#...#..#>....
.##.##...#
#.#........#..###
..........
.......#.........
.........####
...............#.


You could see an orc priest.

Vanquished Creatures
  2 giant geckos (D:2)
  2 bats (D:2)
  3 giant cockroaches
  5 goblins
  4 hobgoblins
  3 jackals (D:2)
  2 kobolds (D:2)
  A giant newt (D:1)
  3 rats (D:2)
  A fungus (D:1)
26 creatures vanquished.

Notes
Turn   | Place    | Note
-------+----------+-------------------------------------------
     0 | D:1      | jacquesderrida the Minotaur Warper began the quest for the Orb.
     0 | D:1      | Reached XP level 1. HP: 18/18 MP: 1/1
    46 | D:1      | Reached skill level 3 in Maces & Flails
   129 | D:2      | Reached XP level 2. HP: 12/25 MP: 3/3
   328 | D:2      | Reached skill level 4 in Maces & Flails
   359 | D:2      | HP: 1/25 [hobgoblin/club (5)]
   360 | D:2      | Reached XP level 3. HP: 1/30 MP: 4/4
   504 | D:3      | Found a shattered altar of Ashenzari.
   538 | D:3      | Gained mutation: Your mind is acute. (Int +2) [potion of mutation]
   538 | D:3      | Gained mutation: You tend to lose your temper in combat. [potion of mutation]
   538 | D:3      | Gained mutation: You are clumsy. (Dex -2) [potion of mutation]
   539 | D:3      | Quit the game

Vault maps used:
D:1:      dpeg_arrival_rooms_b, minmay_gold_behind_fungi
D:3:      nicolae_ashenzari_panopticon

Skill      XL: |  1  2 |
---------------+-------+-----
Maces & Flails | 3 4 |  4.3
Fighting       | |  2.4
Throwing       | |  1.0
Armour         | |  1.2
Dodging        | |  2.1
Spellcasting   | |  1.3
Translocations | |  2.1

Action                   || total
-------------------------++-------
Melee: Mace              ||    60
       Headbutt          ||     4
  Use: Potion            ||     1
Armor: Leather armour    ||     8
Dodge: Dodged            ||    47
